 Dungeon Crawl Stone Soup version 0.32-a0-913-g739538afd8 (webtiles) character file.

Game seed: 8131480421783147901

18431 Nvm9 the Fighter (level 12, 0/105 HPs)
             Began as a Demonspawn Fighter on Apr 8, 2024.
             Was a Believer of Qazlal.
             Slain by a polar bear (6 damage)
             ... on level 4 of the Lair of Beasts.
             The game lasted 00:19:08 (9405 turns).

Nvm9 the Fighter (Demonspawn Fighter)               Turns: 9405, Time: 00:19:10

Health: 0/105      AC: 27    Str: 26    XL:     12   Next: 27%
Magic:  18/18      EV:  6    Int:  7    God:    Qazlal [**....]
Gold:   492        SH:  9    Dex: 12    Spells: 11/11 levels left

rFire   . . .        a - +1 war axe (protect)
rCold   . . .        c - +0 buckler
rNeg    + . .        u - +1 plate armour
rPois   .            (helmet unavailable)
rElec   .            s - +0 cloak
rCorr   .            e - +0 pair of gloves
SInv    .            (no boots)
Will    .....        q - amulet of regeneration Stlth
                     k - ring of positive energy
HPRegen 2.17/turn    (no ring)
MPRegen 0.16/turn

%: no passive effects
@: under a protective aura
A: horns 3, slimy green scales 2, powered by death 1, robust 1, strong 1
a: Renounce Religion, Upheaval


You were on level 4 of the Lair of Beasts.
You worshipped Qazlal.
Qazlal was pleased with you.
You visited 3 branches of the dungeon, and saw 14 of its levels.

You collected 492 gold pieces.

Inventory:

Hand Weapons
 a - a +1 war axe of protection (weapon)
 d - a +2 flail of draining
 o - a +0 whip of freezing
 w - a +0 heavy long sword
 y - a +5 great sword of freezing
 A - a +1 falchion of distortion
 B - a +0 battleaxe of flaming
Missiles
 m - 3 poisoned darts (quivered)
 n - 5 atropa-tipped darts
Armour
 b - a +0 scale mail
 c - a +0 buckler (worn)
 e - a +0 pair of gloves (worn)
 s - a +0 cloak (worn)
 u - a +1 plate armour (worn)
 x - +1 steam dragon scales
 H - a +3 chain mail
Jewellery
 h - a ring of wizardry
 k - a ring of positive energy (left hand)
 q - an amulet of regeneration (around neck)
 E - a ring of poison resistance
Wands
 r - a wand of iceblast (8)
 t - a wand of flame (38)
Scrolls
 f - 4 scrolls of teleportation
 g - 3 scrolls of amnesia
 i - 11 scrolls of identify
 j - a scroll of torment
 l - a scroll of revelation
 p - a scroll of brand weapon
 v - 3 scrolls of enchant armour
Potions
 z - a potion of cancellation
 C - a potion of attraction
 D - a potion of curing
 F - a potion of invisibility


   Skills:
 * Level 9.6 Fighting
 * Level 8.6 Axes
 + Level 5.8 Throwing
 * Level 8.8 Armour
 * Level 8.9 Shields
 * Level 9.1 Invocations


You had 11 spell levels left.
You didn't know any spells.
Your spell library contained the following spells:

 Spells                   Type           Power      Damage    Failure   Level
 Tukima's Dance           Hex            0%         N/A       100%        3
 Animate Dead             Necr           0%         N/A       100%        4
 Passage of Golubria      Tloc           0%         N/A       100%        4
 Summon Blazeheart Golem  Fire/Summ      0%         N/A       100%        4
 Borgnjor's Vile Clutch   Necr/Erth      0%         N/A       100%        5
 Yara's Violent Unravell  Hex/Alch       0%         3d3       100%        5
 Death Channel            Necr           0%         N/A       100%        6
 Orb of Destruction       Conj           0%         9d5       100%        7
 Spellforged Servitor     Conj/Summ      0%         N/A       100%        7


Dungeon Overview and Level Annotations

Branches:
Dungeon (9/15)             Temple (1/1) D:7            Lair (4/5) D:8
  Swamp: Lair:2-3    Shoals: Lair:2-3     Snake: Lair:2-3    Spider: Lair:2-3
  Slime: Lair:4-5       Orc: D:9-12

Altars:
Ashenzari
Cheibriados
Fedhas
Gozag
Hepliaklqana
Kikubaaqudgha
Makhleb
Nemelex Xobeh
Okawaru
Qazlal
Ru
Sif Muna
Trog
Uskayaw
Vehumet
Wu Jian
Xom
Yredelemnul

Shops:
D:9 (

Annotations:
Lair:1 1 runed translucent door, exclusions: door and downstairs, balagan2's ghost, journeyman GnSh


Innate Abilities, Weirdness & Mutations

You have a pair of large horns on your head.
You are mostly covered in slimy green scales. (AC +3)
You regenerate a little health from kills.
You are robust. (+10% HP)
Your muscles are strong. (Str +4, Int/Dex -1)


Message History

The basilisk barely misses you.
The polar bear goes berserk!
You slash the basilisk! You headbutt the basilisk.
The basilisk is severely wounded.
You closely miss the water moccasin. You closely miss the wyvern.
You closely miss the blink frog.
You hit the polar bear but do no damage.
The ice encasing you melts away.
The blink frog blinks!
You block the water moccasin's attack.
The wyvern bites you but does no damage.
You block the polar bear's attack.
The polar bear claws you but does no damage. x2
The basilisk bites you but does no damage.
The water moccasin bites you but does no damage.
You hit the basilisk.
The basilisk is severely wounded.
You completely miss the polar bear. You miss the water moccasin.
You barely miss the wyvern. The wyvern bites you!
* * * LOW HITPOINT WARNING * * *
The polar bear bites you but does no damage.
You block the polar bear's attack. x2; The blink frog blinks!
The water moccasin bites you but does no damage.
The wyvern bites you but does no damage.
The polar bear bites you.
* * * LOW HITPOINT WARNING * * *
The polar bear barely misses you.
The polar bear claws you but does no damage.
The basilisk bites you but does no damage.
You slice the basilisk!!
You kill the basilisk!
Qazlal accepts your kill.
You closely miss the blink frog. You miss the water moccasin.
You hit the wyvern but do no damage.
You hit the polar bear but do no damage.
The water moccasin bites you.
* * * LOW HITPOINT WARNING * * *
You block the blink frog's attack. You block the wyvern's attack.
The polar bear barely misses you.
The polar bear claws you but does no damage.
The polar bear claws you.
You die...

########
#......#
##††....#
#.F@§...#
#>Skh..P#
#......##
#........#
##.......#
.......§..
...........#
.............


You could see a polar bear (berserk), a blink frog, a water moccasin and a
wyvern.

Vanquished Creatures
  2 two-headed ogres
  A boulder beetle (D:7)
  Pikel (D:5)
  Joseph (D:8)
  2 black mambas
  A kobold demonologist (D:9)
  Maggie (D:7)
  6 cane toads
  2 komodo dragons (Lair:3)
  3 rime drakes
  2 hornets
  A troll (D:9)
  A polar bear (Lair:3)
  6 blink frogs
  A spriggan (shapeshifter) (D:9)
  7 wyverns
  6 basilisks
  20 yaks
  2 steam dragons
  13 water moccasins
  3 black bears (D:8)
  3 orc warriors (D:8)
  2 sky beasts
  2 centaurs
  A wolf (D:8)
  4 lemures (D:5)
  3 phantoms
  9 bullfrogs
  Blork the orc (D:5)
  2 gnoll sergeants
  2 scorpions
  10 wights
  A killer bee (D:9)
  3 howler monkeys
  A bombardier beetle (D:5)
  2 hounds (D:5)
  2 jellies (D:6)
  7 orc priests
  2 iguanas
  Jessica (D:2)
  6 orc wizards
  5 adders
  2 white imps (D:7)
  2 ufetubi (D:3)
  A dart slug (D:1)
  A ribbon worm (D:4)
  36 orcs
  7 endoplasms
  2 giant cockroaches (D:1)
  11 goblins
  16 hobgoblins
  3 jackals (D:4)
  6 kobolds
  3 quokkas
  10 ball pythons
  6 bats
  2 frilled lizards
  7 rats
266 creatures vanquished.

Notes
Turn   | Place    | Note
-------+----------+-------------------------------------------
     0 | D:1      | Nvm9 the Demonspawn Fighter began the quest for the Orb.
     0 | D:1      | Reached XP level 1. HP: 18/18 MP: 1/1
   210 | D:1      | Gained mutation: You regenerate a little health from kills.
                  | [demonic ancestry]
   210 | D:1      | Reached XP level 2. HP: 24/24 MP: 2/2
   494 | D:1      | Reached XP level 3. HP: 29/29 MP: 3/3
   494 | D:1      | Gained mutation: You are robust. (+10% HP) [potion of
                  | mutation]
   494 | D:1      | Gained mutation: Your muscles are strong. (Str +4, Int/Dex
                  | -1) [potion of mutation]
   799 | D:2      | Noticed Jessica
   812 | D:2      | Killed Jessica
   813 | D:2      | Gained mutation: You have a pair of small horns on your
                  | head. [demonic ancestry]
   813 | D:2      | Reached XP level 4. HP: 35/38 MP: 4/4
   977 | D:2      | Found a sparkling altar of Nemelex Xobeh.
  1702 | D:3      | Gained mutation: You are partially covered in slimy green
                  | scales. (AC +2) [demonic ancestry]
  1702 | D:3      | Reached XP level 5. HP: 46/46 MP: 5/5
  2281 | D:4      | Reached XP level 6. HP: 52/52 MP: 6/6
  2469 | D:4      | Reached skill level 1 in Throwing
  2865 | D:5      | Entered Level 5 of the Dungeon
  2865 | D:5      | Noticed a water moccasin
  2877 | D:4      | Killed a water moccasin
  2885 | D:5      | Noticed Blork the orc
  2901 | D:5      | Killed Blork the orc
  2902 | D:5      | Reached XP level 7. HP: 32/60 MP: 7/7
  3214 | D:5      | Reached skill level 5 in Fighting
  3523 | D:5      | Found a broken altar of Ashenzari.
  3723 | D:6      | Noticed Pikel
  3725 | D:6      | Found a bloodstained altar of Trog.
  3783 | D:5      | Killed Pikel
  3784 | D:5      | Reached skill level 5 in Armour
  3784 | D:5      | Reached skill level 5 in Shields
  3784 | D:5      | Reached XP level 8. HP: 14/70 MP: 8/8
  4014 | D:6      | Reached skill level 5 in Axes
  4311 | D:6      | Found a hide-covered altar of Uskayaw.
  4313 | D:6      | Found an ornate altar of the Wu Jian Council.
  4436 | D:7      | Noticed Maggie
  4461 | D:7      | Killed Maggie
  4462 | D:7      | Reached XP level 9. HP: 62/77 MP: 9/9
  4513 | D:7      | Found a staircase to the Ecumenical Temple.
  4552 | Temple   | Entered the Ecumenical Temple
  4557 | Temple   | Became a worshipper of Qazlal Stormbringer
  4673 | D:7      | Noticed a two-headed ogre
  4683 | D:7      | HP: 1/78 [two-headed ogre/+0 dire flail (17)]
  4684 | D:7      | Killed a two-headed ogre
  5008 | D:8      | Noticed a boulder beetle
  5111 | D:7      | Killed a boulder beetle
  5208 | D:8      | Gained mutation: You are mostly covered in slimy green
                  | scales. (AC +3) [demonic ancestry]
  5208 | D:8      | Reached XP level 10. HP: 86/86 MP: 11/13
  5375 | D:8      | Found a staircase to the Lair.
  5475 | D:8      | Found a blossoming altar of Fedhas.
  5512 | D:8      | Noticed a two-headed ogre
  5530 | D:8      | Killed a two-headed ogre
  5531 | D:8      | Reached skill level 5 in Invocations
  5588 | D:8      | Noticed Joseph
  5605 | D:8      | Killed Joseph
  5767 | D:8      | Reached * piety under Qazlal
  6245 | D:9      | Gained mutation: You have a pair of horns on your head.
                  | [demonic ancestry]
  6245 | D:9      | Reached XP level 11. HP: 80/94 MP: 15/15
  6392 | D:9      | Found Petrium's Weapon Shop.
  6413 | D:9      | Reached skill level 5 in Throwing
  6547 | D:9      | Paralysed by a hornet for 3 turns
  6562 | D:9      | Noticed a centaur warrior
  6582 | D:9      | Noticed a purple ugly thing
  6584 | D:9      | Noticed a centaur warrior
  7632 | Lair:1   | Entered Level 1 of the Lair of Beasts
  8531 | Lair:1   | Found a runed translucent door.
  8533 | Lair:1   | Noticed balagan2's ghost (journeyman GnSh)
  8855 | Lair:2   | Reached ** piety under Qazlal
  8887 | Lair:2   | Noticed a seven-headed hydra
  9147 | Lair:2   | Gained mutation: You have a pair of large horns on your
                  | head. [demonic ancestry]
  9147 | Lair:2   | Reached XP level 12. HP: 77/104 MP: 18/18
  9404 | Lair:4   | HP: 5/105 [polar bear (3)]
  9405 | Lair:4   | Slain by a polar bear

Illustrated notes

Levels and vault maps discovered:
D:1:      shiori_arrival_maze, layout_loops_cross
D:2:      layout_loops_ring, basic_altar, roderic_serpentine_path,
          minmay_gold_behind_fungi, minmay_fractal_squares_5, uniq_jessica
D:3:      layout_rooms
D:4:      layout_cave_pools, nicolae_zen_rock_garden
D:5:      layout_cave_pools, mainiacjoe_overflow_six_doors_small,
          uniq_blork_the_orc
D:6:      layout_gridville, nicolae_overflow_macrodata_refinement, uniq_pikel
D:7:      layout_cave_pools, minmay_temple_entry_drinking_statues,
          kennysheep_generic_room_14, uniq_maggie
D:8:      minmay_s_stair_smasher, layout_gridville, fedhas_altar_fruit_tree,
          minmay_lair_entry_grove, nicolae_the_louvre, uniq_joseph
D:9:      layout_basic, nicolae_dithmenos_shadow_blocks, serial_shops, shop,
          minmay_the_grid_2x2 [minmay_the_grid_dragon_a,
          minmay_the_grid_aliased_spiral, minmay_the_grid_pillar_ring,
          minmay_the_grid_prize_four_corners]
Temple:   hellmonk_temple_two_chambers
Lair:1:   layout_roguey, serial_forest, infiniplex_forest_clump_cross,
          infiniplex_forest_end_1, infiniplex_forest_lined_corner,
          infiniplex_forest_corner_1, gammafunk_ghost_grave
Lair:2:   layout_roguey, minmay_swamp_entry_reptiles,
          nicolae_spider_entry_lesser_pyramids
Lair:3:   layout_cave_pods
Lair:4:   nzn_winding_woodlands_three_and_one
          [nzn_winding_woodlands_5x15_jagged,
          nzn_winding_woodlands_5x15_default, nzn_winding_woodlands_5x15_garden,
          nzn_winding_woodlands_center_pierced_h], layout_hall_layers,
          nicolae_lair_grove_arrangements, uniq_josephine

Skill      XL: |  1  2  3  4  5  6  7  8  9 10 11 12 |
---------------+-------------------------------------+-----
Axes           | 2 3 4 5 6 7 8 |  8.6
Shields        | 3 4 5 6 7 8 |  8.9
Armour         | 3 4 5 6 7 8 |  8.8
Fighting       | 4 5 6 7 8 9 |  9.6
Throwing       | 1 2 3 4 5 |  5.8
Invocations    | 4 6 8 9 |  9.1

Action                     |  1- 3 |  4- 6 |  7- 9 | 10-12 || total
---------------------------+-------+-------+-------+-------++-------
  Melee: War axe           |    97 |   157 |   230 |   568 ||  1052
         Headbutt          |       |    22 |    50 |   114 ||   186
  Throw: Dart              |       |    14 |    21 |     5 ||    40
    Use: Scroll            |     3 |     4 |     4 |     3 ||    14
         Potion            |     2 |     6 |     5 |     2 ||    15
   Stab: Invisible         |       |       |       |     1 ||     1
 Armour: Scale mail        |    82 |   138 |    34 |       ||   254
         Plate armour      |       |       |   192 |   783 ||   975
         Skin              |       |       |     4 |       ||     4
  Dodge: Dodged            |    38 |    67 |    68 |   189 ||   362
  Block: Buckler           |    27 |    45 |    45 |   277 ||   394

Table legend: (Time is in decaauts)
 A = Elapsed time spent in this place.
 B = Non-inter-level travel time spent in this place.
 C = Inter-level travel time spent in this place.
 D = Time resting spent in this place.
 E = Time spent auto-exploring this place.
 F = Levels seen in this place.
 G = Mean time per level.
                   A        B        C        D        E       F      G
               +--------+--------+--------+--------+--------+-----+--------+
         Total |   9664 |   9300 |    364 |   2417 |   4287 |  14 |  690.3 |
       Dungeon |   7845 |   7552 |    293 |   1957 |   3592 |   9 |  871.7 |
        Temple |      9 |      5 |      4 |      0 |      0 |   1 |    9.0 |
          Lair |   1809 |   1743 |     66 |    460 |    695 |   4 |  452.2 |
               +--------+--------+--------+--------+--------+-----+--------+

Top non-repeatable levels by time:
     D:9: 1550 daAuts
  Lair:1: 1265 daAuts
     D:8: 1033 daAuts
     D:5: 929 daAuts
     D:2: 903 daAuts
     D:1: 798 daAuts
     D:7: 762 daAuts
     D:3: 646 daAuts
     D:4: 630 daAuts
     D:6: 591 daAuts
  Lair:2: 402 daAuts
  Lair:3: 116 daAuts
  Lair:4: 25 daAuts
  Temple: 9 daAuts
